 Dungeon Crawl Stone Soup version 0.19-a0-585-ge40200b (webtiles) character file.

193 shmeve the Skirmisher (level 5, -4/42 HPs)
             Began as a Demonspawn Berserker on June 9, 2016.
             Was a Believer of Trog.
             Slain by a slave (7 damage)
             ... led by Pikel
             ... on level 4 of the Dungeon.
             The game lasted 00:07:13 (2846 turns).

shmeve the Skirmisher (Demonspawn Berserker)        Turns: 2846, Time: 00:07:13

Health: -4/42      AC:  5    Str: 18    XL:     5   Next: 44%
Magic:  5/5        EV: 12    Int:  8    God:    Trog [**....]
Gold:   164        SH:  0    Dex: 13    Spells: 0 memorised, 4 levels left

rFire  . . .     SeeInvis .     a - +0 hand axe
rCold  . . .     Gourm    .     k - +0 ring mail
rNeg   . . .     Faith    .     (no shield)
rPois  .         Spirit   .     (no helmet)
rElec  .         Dismiss  .     (no cloak)
rCorr  .         Reflect  .     (no gloves)
SustAt +         Harm     .     (no boots)
MR     ++...                    (no amulet)
Stlth  +.........               (no ring)
                                b - ring of sustain attributes

@: exhausted, regenerating, very resistant to hostile enchantments, very
unstealthy
A: claws 1, rot immunity
a: Berserk, Trog's Hand, Burn Spellbooks, Renounce Religion


You were on level 4 of the Dungeon.
You worshipped Trog.
Trog was pleased with you.
You were hungry.

You visited 1 branch of the dungeon, and saw 4 of its levels.

You collected 164 gold pieces.

Inventory:

Hand Weapons
 a - a +0 hand axe (weapon)
Armour
 k - a +0 ring mail (worn)
Jewellery
 b - a ring of sustain attributes (left claw)
Scrolls
 e - a scroll of amnesia {unknown}
 f - 4 scrolls of identify {unknown}
 l - a scroll of immolation {unknown}
 m - a scroll of remove curse {unknown}
Potions
 d - 2 potions of flight {unknown}
 g - 2 potions of brilliance {unknown}
 h - 2 potions of invisibility {unknown}
 j - a potion of heal wounds {unknown}
Comestibles
 c - 2 bread rations
 i - 2 fruits


   Skills:
 * Level 4.2 Fighting
 * Level 3.7 Axes
 + Level 2.8 Armour
 + Level 2.8 Dodging


You had 4 spell levels left.
You didn't know any spells.

Dungeon Overview and Level Annotations

Branches:
Dungeon (4/15)
 Temple: D:4-7

Altars:
Dithmenos
Vehumet
Xom
Zin


Innate Abilities, Weirdness & Mutations

You have sharp fingernails.
You are immune to rotting.


Message History

Your skin crawls.
You feel resistant to hostile enchantments.
You are feeling hungry.
The slave hits you.
* * * LOW HITPOINT WARNING * * *
The slave closely misses you. The slave barely misses you.
You hit the slave.
The slave is moderately wounded.
You completely miss the slave. You hit the slave.
The slave is severely wounded.
The slave hits you.
* * * LOW HITPOINT WARNING * * *
The slave closely misses you. The slave hits you.
* * * LOW HITPOINT WARNING * * *
You hit the slave.
The slave is moderately wounded.
You barely miss the slave. You hit the slave.
The slave is almost dead.
The slave closely misses you. The slave hits you!
You die...

#.##.....#...#
#.##.....#...#
####..#.....#...#
#.....#.....#....
#..........(#..###
#...........#..#
#....)......#
#..)))#pp...#
#.....#@###.#
#.....#p## .#
#.....#..# #
#.....##.#
#.....##.##
#.....##..#
#########.# #...#
##..#


You could see 3 slaves.

Vanquished Creatures
  An ogre (D:4)
  2 adders (D:2)
  2 worms (D:2)
  4 dart slugs
  A giant gecko (D:3)
  5 orcs
  2 giant cockroaches (D:1)
  12 goblins
  9 hobgoblins
  8 jackals (D:2)
  A ball python (D:2)
  5 bats
  3 giant newts
  6 kobolds
  7 rats
68 creatures vanquished.

Notes
Turn   | Place    | Note
--------------------------------------------------------------
     0 | D:1      | shmeve the Demonspawn Berserker began the quest for the Orb.
     0 | D:1      | Reached XP level 1. HP: 18/18 MP: 1/1
   205 | D:1      | Gained mutation: You have sharp fingernails. [demonic ancestry]
   205 | D:1      | Reached XP level 2. HP: 16/24 MP: 2/2
  1033 | D:1      | Gained mutation: You are immune to rotting. [demonic ancestry]
  1033 | D:1      | Reached XP level 3. HP: 29/29 MP: 3/3
  1068 | D:2      | Reached ** piety under Trog
  1302 | D:2      | HP: 2/43 [poisoned by an adder]
  1588 | D:2      | Reached XP level 4. HP: 36/36 MP: 4/4
  2038 | D:3      | Found a shimmering altar of Xom.
  2040 | D:3      | Found a shadowy altar of Dithmenos.
  2113 | D:3      | Found a radiant altar of Vehumet.
  2523 | D:3      | Found a glowing silver altar of Zin.
  2806 | D:4      | Noticed an ogre
  2815 | D:4      | Killed an ogre
  2815 | D:4      | Reached skill level 4 in Fighting
  2815 | D:4      | Reached XP level 5. HP: 42/42 MP: 5/5
  2815 | D:4      | Reached *** piety under Trog
  2828 | D:4      | Noticed a slave
  2839 | D:4      | Noticed a slave
  2840 | D:4      | Noticed a slave
  2845 | D:4      | HP: 2/42 [slave[Pikel] (1)]
  2846 | D:4      | Slain by a slave

Vault maps used:
D:1:      dpeg_arrival_round_a
D:2:      first_bread
D:3:      lemuel_round_altar, lemuel_round_altar, minitemple
D:4:      uniq_menkaure, uniq_grinder, uniq_pikel

Skill      XL: |  1  2  3  4 |
---------------+-------------+-----
Armour         | 2 |  2.8
Axes           | 3 |  3.7
Dodging        | 2 |  2.8
Fighting       | 4 |  4.2

Action                   |  1- 3 |  4- 6 || total
-------------------------+-------+-------++-------
Melee: Hand axe          |   130 |    78 ||   208
Invok: Berserk           |     2 |     1 ||     3
       Trog's Hand       |     1 |     2 ||     3
 Stab: Sleeping          |       |     1 ||     1
  Eat: Chunk             |     1 |     3 ||     4
       Bread ration      |     1 |       ||     1
       Fruit             |       |     2 ||     2
Armor: Animal skin       |    22 |    11 ||    33
       Ring mail         |       |    14 ||    14
Dodge: Dodged            |    83 |    73 ||   156
